 Dungeon Crawl Stone Soup version 0.21.1-1-g345015f (webtiles) character file.

1767 inc the Transmogrifier (level 8, -1/40 HPs)
             Began as a Felid Transmuter on Mar 6, 2018.
             Was an Initiate of Ru.
             Slain by Joseph
             ... wielding a +0 quarterstaff
              (11 damage)
             ... on level 9 of the Dungeon.
             The game lasted 00:31:13 (13028 turns).

inc the Transmogrifier (Felid Transmuter)          Turns: 13028, Time: 00:31:14

Health: -1/40      AC:  2    Str:  6    XL:     8   Next: 80%
Magic:  0/12       EV: 23    Int: 17    God:    Ru [......]
Gold:   406        SH:  0    Dex: 17    Spells: 2/11 levels left
                                        Lives:  0   Deaths: 2

rFire    . . .     SeeInvis +     - Unarmed
rCold    . . .     Gourm    .   (shield unavailable)
rNeg     . . .     Faith    .   (armour unavailable)
rPois    +         Spirit   +   (helmet unavailable)
rElec    .         Reflect  .   (cloak unavailable)
rCorr    .         Harm     .   (gloves unavailable)
MR       ++...                  (boots unavailable)
Stlth    +.........             g - amulet of guardian spirit
HPRegen  0.13/turn              B - ring of poison resistance
MPRegen  0.13/turn              p - ring of protection from magic

@: confused, quick
A: very small, no armour, no weapons or thrown items, stealth, claws 1, fangs 3,
see invisible, carnivore, speed 1, shaggy fur 2, slow metabolism 1, sharp paws
a: Renounce Religion


You were on level 9 of the Dungeon.
You worshipped Ru.
Ru was noncommittal.
You were not hungry.

You visited 1 branch of the dungeon, and saw 11 of its levels.
You also visited: Sewer.

You collected 501 gold pieces.
You spent 95 gold pieces at shops.

Inventory:

Missiles
 a - 49 arrows
Jewellery
 d - an uncursed ring of see invisible
 g - an amulet of guardian spirit (around neck)
 i - an uncursed ring of stealth
 p - a ring of protection from magic (right paw)
 w - an uncursed ring of protection from cold
 B - a ring of poison resistance (left paw)
Wands
 s - a wand of polymorph (7)
 x - a wand of acid (8)
Scrolls
 e - a scroll of holy word {unknown}
 f - 4 scrolls of remove curse
 h - 4 scrolls of teleportation
 j - a scroll of brand weapon {unknown}
 k - 2 scrolls of immolation
 q - 2 scrolls of blinking
 t - a scroll of summoning
 u - a scroll of noise {unknown}
 v - a scroll of amnesia
 y - a scroll of fear
 z - a scroll of fog
 A - a scroll of enchant weapon
 D - 2 scrolls of identify
Potions
 l - a potion of brilliance
 m - 2 potions of magic
 r - a potion of flight
Books
 b - a book of Changes

   Spells                             Type                      Level
   a - Beastly Appendage              Transmutation                1
   b - Sticks to Snakes               Transmutation                2
   c - Spider Form                    Transmutation/Poison         3
   d - Ice Form                       Ice/Transmutation            4
   e - Blade Hands                    Transmutation                5
 n - a book of Minor Magic

   Spells                             Type                      Level
   a - Magic Dart                     Conjuration                  1
   b - Blink                          Translocation                2
   c - Call Imp                       Summoning                    2
   d - Slow                           Hexes                        2
   e - Conjure Flame                  Conjuration/Fire             3
   f - Mephitic Cloud                 Conjuration/Poison/Air       3
 o - a book of Cantrips

   Spells                             Type                      Level
   a - Confusing Touch                Hexes                        1
   b - Animate Skeleton               Necromancy                   1
   c - Summon Small Mammal            Summoning                    1
   d - Apportation                    Translocation                1
Comestibles
 c - 18 rations


   Skills:
 - Level 7.4 Fighting
 + Level 7.8 Dodging
 - Level 8.1 Unarmed Combat
 - Level 2.0 Spellcasting
 + Level 0.0 Hexes
 - Level 10.7 Transmutations


You had 2 spell levels left.
You knew the following spells:

 Your Spells              Type           Power        Failure   Level  Hunger
a - Beastly Appendage     Tmut           #####.       1%          1    #......
b - Confusing Touch       Hex            #.....       19%         1    #......
c - Sticks to Snakes      Tmut           #####...     1%          2    ###....
d - Blade Hands           Tmut           #####.....   6%          5    ######.


Dungeon Overview and Level Annotations

Branches:
Dungeon (11/15)            Temple (0/1) D:6             Orc (0/2) D:10
   Lair: D:8-11

Altars:
Dithmenos
Elyvilon
Fedhas
Gozag
Makhleb
Nemelex Xobeh
Okawaru
Qazlal
Ru
Sif Muna
Wu Jian
Xom
Yredelemnul
The Shining One

Shops:
D:4 [%?   D:5 *   D:8 [

Portals:
Trove: D:10 (give 8 scrolls of blinking)

Annotations:
D:3 1 runed door
D:6 Anonimus's ghost, novice GnFi
D:8 ninurtach's ghost, novice MiBe
D:9 Joseph
D:11 Anonimus's ghost, journeyman GnFi


Innate Abilities, Weirdness & Mutations

You cannot wear armour.
You are incapable of wielding weapons or throwing items.
Your paws allow you to move quietly. (Stealth)
You have sharp claws.
You have razor-sharp teeth.
You have supernaturally acute eyesight. (SInv)
You are carnivorous and can eat meat at any time.
You cover ground quickly.
You are covered in thick fur. (AC +2)
You have a slow metabolism.
Your sharp claws are effective at attacking unaware monsters.


Message History

Joseph is lightly wounded.
Joseph completely misses you.
Your adder barely misses Joseph.
You are confused.
You feel invigorated.
Your adder bites Joseph.
Joseph completely misses you.
Your adder barely misses Joseph.
Joseph hits you with an uncursed quarterstaff!
* * * LOW HITPOINT WARNING * * *
Your adder bites Joseph.
Joseph is poisoned.
Your adder poisons Joseph!
Your adder bites Joseph.
Joseph looks even sicker.
Your adder poisons Joseph!
Joseph hits you with an uncursed quarterstaff!
* * * LOW HITPOINT WARNING * * *
Your adder closely misses Joseph.
Joseph hits you with an uncursed quarterstaff!
* * * LOW HITPOINT WARNING * * *
Your adder barely misses Joseph.
Joseph misses you.
Your adder closely misses Joseph.
Your adder bites Joseph.
Joseph looks as sick as possible!
Your adder poisons Joseph!
Joseph hits you with an uncursed quarterstaff!!
You die...

.#
#...........................##
.#
#.###########.............<...
.# #.# #...............#. .#
#.# #.###..........##. .# #.#
#.##..[.....#..##. .# #.#
#.##.....####..##. .# #.#
#..............##. .# #.#
######..#......###..##. ## #.#
#.((((@S.......###..... #.#
#.#####@.####.......##. ####.#
##.## #..# ##.....###[ .....#
##...####..######........
######
#...............#.##..###
#....####..#.##.#.###.#
#.#.#####.#...#.#...#.# #
#.#.#.)..###.#......#.# #
#.#.#(###)#.###.#...#.#


You could see Joseph and a friendly adder.

Vanquished Creatures
  An unseen horror (D:10)
  Grinder (D:5)
  A hippogriff (D:10)
  2 wyverns
  An acid dragon (D:9)
  A water moccasin (D:9)
  2 orc warriors
  A sky beast (D:10)
  3 phantoms
  A necrophage (D:10)
  3 ogres
  3 centaurs
  2 crocodiles (D:8)
  2 big kobolds
  A wyvern zombie (D:10)
  4 bullfrogs
  A water moccasin skeleton (D:9)
  A scorpion (D:4)
  2 killer bees (D:8)
  2 howler monkeys
  4 crimson imps
  A bullfrog zombie (D:8)
  4 quasits
  A centaur skeleton (D:7)
  A centaur zombie (D:10)
  8 orc priests
  A jelly (D:5)
  2 bullfrog skeletons
  7 orc wizards
  3 hounds
  Jessica (D:2)
  2 iguanas
  9 worker ants
  A hound zombie (D:4)
  A hound skeleton (D:9)
  Robin (D:3)
  3 gnolls (D:3)
  A howler monkey skeleton (D:4)
  11 adders
  A river rat (Sewer)
  2 shadow imps
  4 oozes
  2 adder skeletons (D:4)
  3 worms
  5 leopard geckos
  43 orcs
  11 bats
  3 giant cockroaches
  19 goblins
  7 hobgoblins
  14 jackals
  15 kobolds
  6 quokkas
  4 ball pythons
  2 frilled lizards
  A jackal zombie (D:6)
  A leopard gecko skeleton (D:5)
  12 rats
252 creatures vanquished.

Vanquished Creatures (collateral kills)
  2 howler monkeys (D:9)
  A crimson imp (D:5)
  A worker ant (D:9)
  An orc (D:9)
5 creatures vanquished.

Grand Total: 257 creatures vanquished

Notes
Turn   | Place    | Note
-------+----------+-------------------------------------------
     0 | D:1      | inc the Felid Transmuter began the quest for the Orb.
     0 | D:1      | Reached XP level 1. HP: 9/9 MP: 4/4
   280 | D:1      | Reached XP level 2. HP: 6/12 MP: 4/6
   794 | D:1      | You fall through a shaft!
   826 | D:2      | Reached XP level 3. HP: 9/15 MP: 4/7
  1602 | D:2      | Found a sparkling altar of Nemelex Xobeh.
  1602 | D:2      | Noticed Jessica
  1608 | D:2      | Killed Jessica
  1608 | D:2      | Reached skill level 5 in Unarmed Combat
  1608 | D:2      | Reached XP level 4. HP: 18/19 MP: 5/8
  1903 | D:3      | Found a stormy altar of Qazlal.
  2246 | D:3      | Found a blossoming altar of Fedhas.
  2271 | D:3      | Found an iron altar of Okawaru.
  2351 | D:3      | Reached XP level 5. HP: 8/22 MP: 4/9
  2993 | D:3      | Noticed Robin
  3021 | D:3      | Killed Robin
  3308 | D:3      | Found a white marble altar of Elyvilon.
  3345 | D:3      | Found a runed door.
  3544 | D:3      | Found a deep blue altar of Sif Muna.
  3575 | D:4      | Gained mutation: You are covered in thick fur. (AC +2) [Felid growth]
  3575 | D:4      | Reached XP level 6. HP: 25/25 MP: 10/10
  3850 | D:4      | Found Ewiagh's Food Emporium.
  3936 | D:4      | Found Ridoz's Magic Scroll Shop.
  3941 | D:4      | Bought a scroll of identify for 20 gold pieces
  3941 | D:4      | Bought a scroll of blinking for 75 gold pieces
  3993 | D:4      | Found a glowing drain.
  3997 | Sewer    | Entered a sewer
  4289 | Sewer    | Found a white marble altar of Elyvilon.
  4389 | D:4      | Learned a level 1 spell: Confusing Touch
  4392 | D:4      | Learned a level 2 spell: Sticks to Snakes
  4452 | D:4      | Reached skill level 5 in Dodging
  4528 | D:4      | Found a shadowy altar of Dithmenos.
  4892 | D:4      | Reached XP level 7. HP: 18/28 MP: 7/11
  5209 | D:4      | Found Novemm's Antique Armour Boutique.
  5477 | D:5      | Entered Level 5 of the Dungeon
  5574 | D:5      | Found Xiessoaz's Assorted Antiques.
  5590 | D:5      | HP: 1/28 [hound (2)]
  5995 | D:5      | Found a sacrificial altar of Ru.
  6000 | D:5      | Became a worshipper of Ru the Awakened
  6259 | D:5      | Reached XP level 8. HP: 33/36 MP: 10/12
  6334 | D:5      | Noticed Grinder
  6356 | D:5      | Killed Grinder
  6356 | D:5      | Reached skill level 5 in Fighting
  6888 | D:6      | Noticed Anonimus's ghost (novice GnFi)
  7142 | D:6      | Found a shimmering altar of Xom.
  7144 | D:6      | Found a glowing golden altar of the Shining One.
  7144 | D:6      | Found a blossoming altar of Fedhas.
  7147 | D:6      | Found a stormy altar of Qazlal.
  7147 | D:6      | Found a basalt altar of Yredelemnul.
  7147 | D:6      | Found a shimmering altar of Xom.
  7391 | D:6      | Found a staircase to the Ecumenical Temple.
  8384 | D:8      | Noticed ninurtach's ghost (novice MiBe)
  8723 | D:9      | Reached XP level 9. HP: 22/43 MP: 6/13
  8915 | D:9      | Reached skill level 3 in Transmutations
  9227 | D:9      | Reached skill level 4 in Transmutations
  9249 | D:9      | Found an opulent altar of Gozag.
  9419 | D:9      | Reached skill level 5 in Transmutations
  9654 | D:9      | Noticed Joseph
  9664 | D:9      | Reached skill level 6 in Transmutations
  9983 | D:8      | Reached skill level 7 in Transmutations
 10242 | D:8      | Found Aqirghen's Armour Shoppe.
 10308 | D:8      | Found an ornate altar of the Wu Jian Council.
 10506 | D:8      | Found a burning altar of Makhleb.
 10514 | D:8      | Reached skill level 8 in Transmutations
 10708 | D:8      | Slain by a killer bee
 10709 | D:8      | Reached XP level 8. HP: -1/40 MP: 0/12
 11214 | D:9      | Noticed a two-headed ogre
 11273 | D:10     | Entered Level 10 of the Dungeon
 11308 | D:10     | Reached XP level 9. HP: 43/43 MP: 11/13
 11345 | D:10     | Noticed an unseen horror
 11492 | D:10     | Found a portal to a secret trove of treasure.
 11511 | D:10     | Reached skill level 9 in Transmutations
 11668 | D:10     | Learned a level 5 spell: Blade Hands
 11958 | D:10     | Found a staircase to the Orcish Mines.
 11966 | D:10     | Killed an unseen horror
 11966 | D:10     | Reached skill level 10 in Transmutations
 12595 | D:11     | Noticed Anonimus's ghost (journeyman GnFi)
 12975 | D:9      | Mangled by a two-headed ogre
 12976 | D:9      | Reached XP level 8. HP: -7/40 MP: 0/12
 13026 | D:9      | HP: 2/40 [Joseph/uncursed quarterstaff (7)]
 13028 | D:9      | Slain by Joseph

Skill      XL: |  1  2  3  4  5  6  7  8  9 |
---------------+----------------------------+-----
Unarmed Combat | 4 5 6 7 8 |  8.1
Dodging        | 5 7 |  7.8
Fighting       | 4 7 |  7.4
Transmutations | 10 | 10.7
Spellcasting   | |  2.0

Action                   |  1- 3 |  4- 6 |  7- 9 || total
-------------------------+-------+-------+-------++-------
Melee: Unarmed           |    92 |   261 |   621 ||   974
       Bite              |     6 |    17 |    57 ||    80
       Headbutt          |     4 |    27 |    67 ||    98
       Punch             |     2 |     4 |    15 ||    21
 Cast: Beastly Appendage |     7 |    19 |    44 ||    70
       Sticks to Snakes  |       |       |    24 ||    24
       Confusing Touch   |       |       |    15 ||    15
       Blade Hands       |       |       |     8 ||     8
Invok: Reject Sacrifices |       |       |     1 ||     1
  Use: Scroll            |       |     6 |    12 ||    18
       Potion            |       |     4 |    10 ||    14
 Stab: Sleeping          |     9 |     7 |     9 ||    25
       Distracted        |       |       |     2 ||     2
       Confused          |       |       |    15 ||    15
  Eat: Chunk             |     5 |    11 |    25 ||    41
Armor: Skin              |     3 |    36 |    21 ||    60
Dodge: Dodged            |    58 |   214 |   542 ||   814
